 Dungeon Crawl Stone Soup version 0.30-a0-778-g2ef04afb54 (console) character file.

Game seed: 8415729028928519251

20 rlgrobin the Chopper (level 3, -1/31 HPs)
             Began as a Meteoran Fighter on Feb 17, 2023.
             Constricted to death by Terence (5 damage)
             ... on level 2 of the Dungeon.
             The game lasted 00:00:55 (219 turns).

rlgrobin the Chopper (Meteoran Fighter)              Turns: 219, Time: 00:00:55

Health: -1/31      AC: 11    Str: 20    XL:     3   Next: 14%
Magic:  4/4        EV:  2    Int:  9    God:
Gold:   0          SH:  5    Dex: 13    Spells: 2/2 levels left

rFire   . . .      SeeInvis .    a - +0 war axe
rCold   . . .      Faith    .    c - +0 buckler
rNeg    . . .      Spirit   .    i - +0 plate armour
rPois   .          Reflect  .    (no helmet)
rElec   .          Harm     .    (no cloak)
rCorr   .          Rampage  .    (no gloves)
Will    .....                    (no boots) Stlth
                                 (no amulet)
HPRegen 0.25/turn                (no ring)
MPRegen 0.09/turn                (no ring)

@: mighty, grasped by roots, glowing, constricted
A: sense surroundings 1, otherworldly, glowing, explore regen
a: no special abilities


You were on level 2 of the Dungeon.
You visited 1 branch of the dungeon, and saw 2 of its levels.

Inventory:

Hand Weapons
 a - a +0 war axe (weapon)
 h - a +0 short sword of distortion
Armour
 c - a +0 buckler (worn)
 i - a +0 plate armour (worn)
Scrolls
 f - a scroll of silence {unknown}
 g - a scroll of noise {unknown}
Potions
 e - a potion of degeneration {unknown}


   Skills:
 - Level 3.2 Fighting
 + Level 4.0 Axes
 - Level 3.6 Armour
 - Level 3.6 Shields


You had 2 spell levels left.
You didn't know any spells.
Your spell library was empty.

Dungeon Overview and Level Annotations

Branches:
Dungeon (2/15) Zot: 967

Altars:

Annotations:
D:2 Terence


Innate Abilities, Weirdness & Mutations

You passively map a small area around you.
You are easily found by Zot.
You glow in the dark.
You regain HP and MP as you explore.


Message History

You have reached level 3!
Your experience leads to an increase in your attributes!
Increase (S)trength, (I)ntelligence, or (D)exterity?
You feel stronger. x3
You see here a quokka corpse.
You slash the rat!
You kill the rat!
A frilled lizard comes into view.
The frilled lizard hisses angrily.
You miss the frilled lizard. You block the frilled lizard's attack.
You slash the frilled lizard!
You kill the frilled lizard!
A goblin comes into view. It is wielding a +0 club.
The goblin shouts!
You hear a shout!
Terence the Incautious comes into view.
He is wielding a +0 flail and carrying a wand of roots (4).
The goblin hits you but does no damage.
You barely miss the goblin.
Terence zaps a wand.
The roots erupt in riotous growth!
The goblin is unaffected.
Terence is unaffected.
The grasping roots grab you! The grasping roots constrict you.
The goblin hits you but does no damage. The goblin hits you with a +0 club.
The grasping roots constrict you!
You hear an angry hiss.
You feel very mighty all of a sudden. The grasping roots constrict you.
The goblin hits you with a +0 club.
You barely miss the goblin. The grasping roots constrict you.
The goblin hits you with a +0 club.
* * * LOW HITPOINT WARNING * * *
You slash the goblin!
You kill the goblin!
The grasping roots constrict you.
* * * LOW HITPOINT WARNING * * *
The grasping roots release their grip on you.
Your Axes skill increases to level 4!
You barely miss Terence. Terence hits you with a +0 flail.
* * * LOW HITPOINT WARNING * * *
Terence zaps a wand.
The roots erupt in riotous growth!
The grasping roots grab you!
Terence is unaffected.
The grasping roots constrict you.
You die...

, *, , , , * *
* * ,* , . , ,
... *, * ....#
, ......######
#..@@...#
,.....#####.#
,, ** .##* #.#
#.# , #.# * *
#.# ,, * #.# *
** #.# , ,*
*############.#


You could see Terence.

Vanquished Creatures
  An adder (D:2)
  A worm (D:2)
  An endoplasm (D:2)
  A goblin (D:2)
  A quokka (D:2)
  2 frilled lizards (D:2)
  A kobold (D:2)
  A rat (D:2)
9 creatures vanquished.

Notes
Turn   | Place    | Note
-------+----------+-------------------------------------------
     0 | D:1      | rlgrobin the Meteoran Fighter began the quest for the Orb.
     0 | D:1      | Reached XP level 1. HP: 19/19 MP: 2/2
    69 | D:2      | Reached skill level 3 in Axes
    69 | D:2      | Reached XP level 2. HP: 23/26 MP: 3/3
   150 | D:2      | Reached XP level 3. HP: 31/31 MP: 4/4
   208 | D:2      | Noticed Terence
   219 | D:2      | Reached skill level 4 in Axes
   219 | D:2      | Constricted to death by Terence

Illustrated notes

Levels and vault maps discovered:
D:1:      dpeg_arrival_long_road, layout_rooms,
          hellmonk_ecumenical_altar_inner_sanctum
D:2:      layout_loops_ring, uniq_terence

Skill      XL: |  1  2  3 |
---------------+----------+-----
Axes           | 3 4 |  4.0
Fighting       | |  3.2
Armour         | |  3.6
Shields        | |  3.6

Action                     || total
---------------------------++-------
  Melee: War axe           ||    36
    Use: Potion            ||     1
 Armour: Scale mail        ||    14
         Plate armour      ||     3
  Dodge: Dodged            ||    10
  Block: Buckler           ||    12

Table legend: (Time is in decaauts)
 A = Elapsed time spent in this place.
 B = Non-inter-level travel time spent in this place.
 C = Inter-level travel time spent in this place.
 D = Time resting spent in this place.
 E = Time spent auto-exploring this place.
 F = Levels seen in this place.
 G = Mean time per level.
                   A        B        C        D        E       F      G
               +--------+--------+--------+--------+--------+-----+--------+
         Total |    231 |    231 |      0 |      0 |      0 |   2 |  115.5 |
       Dungeon |    231 |    231 |      0 |      0 |      0 |   2 |  115.5 |
               +--------+--------+--------+--------+--------+-----+--------+

Top non-repeatable levels by time:
     D:2: 195 daAuts
     D:1: 36 daAuts
